 Dungeon Crawl Stone Soup version 0.27-a0-1084-g78b3836a5f (webtiles) character file.

Game seed: 15626668111242189054

4144 kae the Cleaver (level 10, -1/83 (91) HPs)
             Began as a Hill Orc Fighter on Apr 26, 2021.
             Slain by a tengu warrior
             ... wielding a +0 long sword
              (12 damage)
             ... on level 8 of the Dungeon.
             The game lasted 00:06:05 (8332 turns).

kae the Cleaver (Hill Orc Fighter)                  Turns: 8332, Time: 00:06:05

HP:   -1/83 (91)    AC: 14    Str: 23    XL:     10   Next: 27%
MP:   10/10         EV:  4    Int: 11    God:
Gold: 564           SH:  9    Dex: 10    Spells: 9/9 levels left

rFire    + . .     SeeInvis .   a - +1 war axe (freeze)
rCold    . . .     Faith    .   h - +0 kite shield of the Loofah {Int+3}
rNeg     . . .     Spirit   .   g - +1 plate armour of the Other World {rF+}
rPois    .         Reflect  .   (no helmet)
rElec    .         Harm     .   (no cloak)
rCorr    .         Rampage  .   (no gloves)
Will     .....                  (no boots)
Stlth    ..........             (no amulet)
HPRegen  0.23/turn              (no ring)
MPRegen  0.12/turn              (no ring)

@: drained
A: no striking features
a: no special abilities


You were on level 8 of the Dungeon.
You visited 2 branches of the dungeon, and saw 9 of its levels.

You collected 564 gold pieces.

Inventory:

Hand Weapons
 a - a +1 war axe of freezing (weapon)
Armour
 b - a +0 scale mail
 c - a +0 kite shield
 g - the +1 plate armour of the Other World (worn) {rF+}
   (You found it on level 4 of the Dungeon)

   It protects you from fire.
 h - the +0 kite shield of the Loofah (worn) {Int+3}
   (You found it on level 4 of the Dungeon)

   It affects your intelligence (+3).
Wands
 f - a wand of acid (2)
 m - a wand of digging (8)
Scrolls
 q - a scroll of enchant weapon
 s - a scroll of blinking
Potions
 d - 3 potions of attraction
 e - 2 potions of heal wounds
 i - a potion of resistance
 j - a potion of haste
 k - a potion of degeneration
 l - 2 potions of magic {unknown}
 n - 2 potions of invisibility {unknown}
 o - 4 potions of curing {unknown}
 p - a potion of lignification {unknown}
 r - 2 potions of might


   Skills:
 + Level 9.4 Fighting
 * Level 13.2 Axes
 + Level 8.7 Armour
 - Level 3.2 Shields


You had 9 spell levels left.
You didn't know any spells.
Your spell library contained the following spells:

 Spells                   Type           Power      Damage    Failure   Level
 Corona                   Hex            0%         N/A       100%        1
 Sandblast                Erth           0%         2d4       100%        1
 Shock                    Conj/Air       0%         1d3       100%        1
 Ensorcelled Hibernation  Hex/Ice        0%         N/A       100%        2
 Passwall                 Tmut/Erth      0%         N/A       100%        2
 Static Discharge         Conj/Air       0%         N/A       100%        2
 Confusing Touch          Hex            0%         N/A       100%        3
 Dazzling Flash           Conj/Hex       0%         N/A       100%        3
 Stone Arrow              Conj/Erth      0%         3d7       100%        3
 Swiftness                Air            0%         N/A       100%        3
 Tukima's Dance           Hex            0%         N/A       100%        3
 Airstrike                Air            0%         N/A       100%        4
 Petrify                  Tmut/Erth      0%         N/A       100%        4
 Lee's Rapid Deconstruct  Erth           0%         3d5*      100%        5
 Lightning Bolt           Conj/Air       0%         1d11      100%        5


Dungeon Overview and Level Annotations

Branches:
Dungeon (8/15)             Temple (1/1) D:5
   Lair: D:8-11

Altars:
Ashenzari
Fedhas
Gozag
Hepliaklqana
Makhleb
Nemelex Xobeh
Okawaru
Ru
Trog
Uskayaw
Zin
The Shining One

Annotations:
D:5 1 runed translucent door


Message History

You are too injured to fight recklessly!
You are too injured to fight recklessly!
The tengu warrior blocks your attack.
The tengu warrior is heavily wounded.
The tengu warrior hits you with a +0 long sword!
You block the tengu warrior's attack. The tengu warrior barely misses you.
You closely miss the tengu warrior.
The tengu warrior is heavily wounded.
The tengu warrior hits you with a +0 long sword.
The tengu warrior pecks you but does no damage.
The tengu warrior claws you but does no damage.
You slash the tengu warrior! You freeze the tengu warrior.
The tengu warrior is severely wounded.
The tengu warrior hits you with a +0 long sword.
You block the tengu warrior's attack.
The tengu warrior claws you but does no damage.
You slash the tengu warrior! You freeze the tengu warrior.
The tengu warrior is almost dead.
The tengu warrior hits you with a +0 long sword.
* * * LOW HITPOINT WARNING * * *
The tengu warrior pecks you but does no damage.
The tengu warrior claws you but does no damage.
You miss the tengu warrior.
The tengu warrior is almost dead.
You block the tengu warrior's attack. The tengu warrior pecks you.
* * * LOW HITPOINT WARNING * * *
The tengu warrior claws you but does no damage.
You closely miss the tengu warrior.
The tengu warrior is almost dead.
The tengu warrior hits you with a +0 long sword!
* * * LOW HITPOINT WARNING * * *
The tengu warrior pecks you but does no damage.
The tengu warrior claws you but does no damage.
You block the tengu warrior's attack.
The tengu warrior pecks you but does no damage.
The tengu warrior claws you but does no damage.
You hit the tengu warrior but do no damage.
The tengu warrior is almost dead.
The tengu warrior hits you with a +0 long sword!
You die...

####### ##..'..##
#..###).######
#@8#$#8.#....#
#Q##$##'##.#.#
8..#?#.).'.#.#####
#...+$#..8###.....)
##+##(##+####.#####
D8#$# #....# ..##
####.# #.. #.#
######## #)#


You could see a tengu warrior.

Vanquished Creatures
  A two-headed ogre (D:8)
  Prince Ribbit (D:6)
  2 shadows
  Menkaure (D:6)
  Duvessa (D:3)
  A water moccasin (D:8)
  3 orc warriors
  A centaur (D:6)
  2 phantoms (D:6)
  2 bullfrogs
  A kobold brigand (D:6)
  2 gnoll sergeants
  9 scorpions (D:5)
  Dowan (D:3)
  A water moccasin skeleton (D:5)
  5 killer bees (D:7)
  4 wights (D:8)
  3 hounds
  2 jellies
  A centaur zombie (D:7)
  2 centaur skeletons
  4 orc priests
  An iguana (D:5)
  2 orc wizards
  3 killer bee zombies
  A hound skeleton (D:4)
  Robin (D:3)
  5 adders
  13 gnolls
  An ufetubus (D:6)
  An adder skeleton (D:5)
  4 worms
  2 dart slugs
  27 orcs
  8 endoplasms
  10 giant cockroaches
  11 goblins
  7 hobgoblins
  14 jackals
  A quokka (D:4)
  5 ball pythons
  6 bats
  4 frilled lizards
  18 kobolds
  7 rats
  A butterfly (D:5)
203 creatures vanquished.

Vanquished Creatures (others)
  4 toadstools (D:1)
4 creatures vanquished.

Grand Total: 207 creatures vanquished

Notes
Turn   | Place    | Note
-------+----------+-------------------------------------------
     0 | D:1      | kae the Hill Orc Fighter began the quest for the Orb.
     0 | D:1      | Reached XP level 1. HP: 19/19 MP: 1/1
    76 | D:1      | Found a faded altar of an unknown god.
   261 | D:1      | Reached skill level 3 in Axes
   324 | D:1      | Reached XP level 2. HP: 27/27 MP: 2/2
   559 | D:1      | Reached XP level 3. HP: 16/33 MP: 3/3
  1201 | D:2      | Reached skill level 4 in Axes
  1295 | D:2      | Reached XP level 4. HP: 31/40 MP: 4/4
  2033 | D:3      | Reached skill level 5 in Axes
  2040 | D:3      | Reached XP level 5. HP: 45/47 MP: 5/5
  2182 | D:3      | Noticed Robin
  2319 | D:3      | Killed Robin
  2815 | D:4      | Noticed Duvessa
  2815 | D:4      | Noticed Dowan
  2830 | D:3      | Killed Duvessa
  2831 | D:3      | Reached skill level 5 in Fighting
  2831 | D:3      | Reached skill level 6 in Axes
  2831 | D:3      | Reached XP level 6. HP: 46/56 MP: 6/6
  2837 | D:3      | Killed Dowan
  2853 | D:4      | Reached skill level 5 in Armour
  3119 | D:4      | Reached skill level 7 in Axes
  3119 | D:4      | Reached XP level 7. HP: 52/61 MP: 7/7
  3320 | D:4      | Identified the +1 plate armour of the Other World {rF+}
  3349 | D:4      | Identified the +0 kite shield of the Loofah {Int+3}
  3636 | D:5      | Entered Level 5 of the Dungeon
  3636 | D:5      | Found a staircase to the Ecumenical Temple.
  3683 | Temple   | Entered the Ecumenical Temple
  4128 | D:5      | Reached skill level 8 in Axes
  4242 | D:5      | Found a runed translucent door.
  4254 | D:5      | Found a runed translucent door.
  4530 | D:5      | Reached XP level 8. HP: 70/70 MP: 8/8
  4539 | D:5      | Reached skill level 9 in Axes
  4783 | D:6      | Noticed Menkaure
  4961 | D:6      | Killed Menkaure
  4962 | D:6      | Reached skill level 10 in Axes
  5440 | D:6      | Noticed Prince Ribbit
  5446 | D:6      | Killed Prince Ribbit
  5447 | D:6      | Reached XP level 9. HP: 78/81 MP: 9/9
  5750 | D:6      | Reached skill level 11 in Axes
  6880 | D:7      | Reached skill level 12 in Axes
  7497 | D:8      | Noticed a two-headed ogre
  7502 | D:8      | Killed a two-headed ogre
  7503 | D:8      | Reached XP level 10. HP: 91/91 MP: 10/10
  7588 | D:8      | Reached skill level 13 in Axes
  8316 | D:8      | Noticed a tengu warrior
  8332 | D:8      | Slain by a tengu warrior

Illustrated notes

Levels and vault maps discovered:
D:1:      minmay_arrival_four_loops, layout_loops_ring,
          chequers_ecumenical_altar_simple, minmay_gold_behind_fungi,
          minmay_heptomino_l4
D:2:      layout_basic
D:3:      minmay_recursive_quarters, layout_rooms, minmay_close_crescents,
          uniq_robin
D:4:      layout_basic, kennysheep_generic_room_16, uniq_duvessa
D:5:      lemuel_insect_pit, layout_basic, minmay_temple_entry_butterflies
D:6:      layout_basic, minmay_holes, uniq_prince_ribbit1, uniq_menkaure
D:7:      layout_basic
D:8:      minmay_chambers_of_sixes, layout_loops_ring,
          minmay_overflow_temple_hex, uniq_pikel
Temple:   minmay_temple_bridge_abc

Skill      XL: |  1  2  3  4  5  6  7  8  9 10 |
---------------+-------------------------------+-----
Axes           | 3 4 5 6 7 8 10 12 13 | 13.2
Fighting       | 4 5 6 7 9 |  9.4
Armour         | 4 5 7 8 |  8.7
Shields        | |  3.2

Action                   |  1- 3 |  4- 6 |  7- 9 | 10-12 || total
-------------------------+-------+-------+-------+-------++-------
Melee: War axe           |    89 |   128 |   290 |    82 ||   589
Evoke: Wand              |       |       |     1 |       ||     1
  Use: Scroll            |     4 |     1 |     9 |       ||    14
       Potion            |       |     2 |     1 |       ||     3
Armor: Scale mail        |    53 |    61 |     7 |       ||   121
       Plate armour      |       |       |   186 |    40 ||   226
Dodge: Dodged            |    39 |    38 |    49 |    12 ||   138
Block: Kite shield       |    42 |    79 |   148 |    37 ||   306

Table legend: (Time is in decaauts)
 A = Elapsed time spent in this place.
 B = Non-inter-level travel time spent in this place.
 C = Inter-level travel time spent in this place.
 D = Time resting spent in this place.
 E = Time spent auto-exploring this place.
 F = Levels seen in this place.
 G = Mean time per level.
                   A        B        C        D        E       F      G
               +--------+--------+--------+--------+--------+-----+--------+
         Total |   8523 |   8315 |    208 |   1184 |   5834 |   9 |  947.0 |
       Dungeon |   8322 |   8135 |    187 |   1184 |   5663 |   8 | 1040.2 |
        Temple |    200 |    180 |     20 |      0 |    171 |   1 |  200.0 |
               +--------+--------+--------+--------+--------+-----+--------+

Top non-repeatable levels by time:
     D:6: 1377 daAuts
     D:1: 1161 daAuts
     D:5: 1112 daAuts
     D:8: 1082 daAuts
     D:2: 1050 daAuts
     D:7: 987 daAuts
     D:4: 822 daAuts
     D:3: 728 daAuts
  Temple: 200 daAuts
